[Event "Silves Open 2025"]
[Site "Fissul"]
[Date "2025.03.07"]
[Round "9.24"]
[White "Finkler, Kai Andreas"]
[Black "Crow, Steve"]
[Result "0-1"]
[Annotator "TA"]
[ECO "B01"]
[WhiteElo "1990"]
[BlackElo "1742"]
[PlyCount "151"]
[EventDate "2025.03.03"]
[EventType "swiss"]
[EventCountry "POR"]
[SourceTitle "playchess.com"]
[Source "ChessBase"]
[SourceQuality "1"]
[TimeControl "5400+30"]

1. e4 d5 2. exd5 Qxd5 3. Nc3 Qa5 4. d4 Nf6 5. Nf3 c6 6. Be2 Bf5 7. O-O e6 8. Ne5 Nbd7 9. Nc4 {[%emt 0:02:15] B01: Scandinavian Defence.} Qc7 10. Bg5 b5 11. Ne3 {[%emt 0:00:39] A sharp opening. The position is equal.} Bg6 12. Bf3 a6 $146 (12... Rd8 $11 {is superior.}) (12... b4 13. Ne2 Bd6 14. Kh1 Ne4 {½-½ Khamrakulov,I (2451)-Jirovsky,M (2452) Tanta op 4th 2001 (8)}) 13. Re1 (13. d5 $14) 13... Be7 14. d5 Rd8 {[%emt 0:10:36] Black wants to play ...Ne5.} 15. dxe6 (15. dxc6 Ne5 16. Qe2 Nxc6 17. Bxf6 gxf6 (17... Bxf6 18. Ned5 $14) 18. Bxc6+ Qxc6 $11) 15... Ne5 16. exf7+ Nxf7 17. Qe2 (17. Ned5 $11 {and White has nothing to worry.} Nxd5 18. Nxd5 Rxd5 19. Bxd5 Nxg5 20. Bb3) 17... Nxg5 $19 18. Bxc6+ Qxc6 19. Ned5 Nxd5 20. Nxd5 {[%emt 0:01:30][%csl Gd5,Ge1][%cal Re2e7] [#]} Ne4 21. Nxe7 Kxe7 22. Qg4 Kf7 23. h4 Nf6 24. Qb4 Rhe8 (24... Qxc2 $2 {too greedy.} 25. Qe7+ Kg8 26. Qxd8+ Be8 27. Rxe8+ Kf7 28. Re7+ (28. Rxh8 Qc4 $18) 28... Kg6 29. Qxh8 $18) 25. a4 Qc4 26. Qa5 bxa4 27. Rxe8 Rxe8 28. Rxa4 Qc6 29. Ra3 Nd5 30. h5 Bxc2 31. h6 Qe6 32. hxg7 Qe1+ 33. Qxe1 Rxe1+ 34. Kh2 Nb4 35. Rg3 Bg6 36. Rg4 Nd3 37. Ra4 Re6 38. b4 Kxg7 39. f3 Be8 40. Ra5 Bb5 41. Kg3 Rg6+ 42. Kh3 Nf4+ 43. Kh2 Rxg2+ 44. Kh1 Rg3 45. Ra3 Be2 46. Kh2 Rh3+ 47. Kg1 Rxf3 48. Ra2 Rb3 49. Kf2 Nd3+ 50. Kg2 Nf4+ (50... Rxb4 $142 51. Kg3 Rg4+ 52. Kh2 Bf3 53. Rd2 Ne5 (53... Rh4+ $2 54. Kg3 $19) 54. Ra2 Rg6 (54... Rh4+ $2 55. Kg3 $19) 55. Ra3 Bd5 56. Ra4 Nf3+ 57. Kh3 Be6+ 58. Rg4 Bxg4+ 59. Kg3 a5 (59... Bh5+ {is a self mate.} 60. Kf2 a5 61. Ke3 Rd6 62. Ke4 a4 63. Kf5 a3 64. Ke4 a2 65. Ke3 a1=Q 66. Kf2 Qg1+ 67. Ke2 Nh4#) 60. Kf4 a4 61. Ke3 a3 (61... Re6+ 62. Kd3 a3 63. Kc3 Re3+ 64. Kc4 a2 65. Kd5 a1=Q 66. Kc5 Rc3+ 67. Kb6 Qb2+ 68. Ka7 Ra3#) 62. Ke4 a2 63. Ke3 a1=Q (63... a1=B $2 64. Ke4 $19) 64. Kd3 Qd4+ 65. Kc2 Rb6 66. Kc1 Qd2#) 51. Kf2 $1 Rf3+ 52. Kg1 Rf1+ 53. Kh2 Rb1 54. Kg3 Rxb4 55. Rd2 Re4 56. Rd7+ Kg6 57. Rd6+ Re6 58. Rd4 Nh5+ 59. Kh4 Rf6 60. Kh3 Rf5 61. Rd6+ Nf6 62. Rd2 Bf1+ 63. Kh2 a5 64. Ra2 Ne4 65. Ra4 Re5 66. Ra1 Nd2 67. Rd1 Rd5 68. Ra1 Bc4 69. Kg3 Nb3 70. Ra4 Bb5 71. Re4 a4 72. Rb4 Rd3+ 73. Kh2 Rd5 74. Kg3 $1 {[%emt 0:00:13] [#]} a3 $1 75. Rxb3 (75. Re4 a2) 75... Rd4 76. Rd3 {[%emt 0:25:01] Weighted Error Value: White=0.66/Black=0.15 (very precise)   Loses game:     	White=1     	---        Mistake:       	White=1     	Black=1      Inaccurate:     	White=2     	---        OK:         	White=4     	Black=2      Best:        	White=1     	Black=2} 0-1

[Event "Silves Open 2025"]
[Site "Fissul"]
[Date "2025.03.07"]
[Round "9.26"]
[White "Paiva, Manuel Maria Fonseca"]
[Black "Ribeiro, Margarida"]
[Result "1-0"]
[Annotator "TA"]
[ECO "C56"]
[WhiteElo "1904"]
[BlackElo "1519"]
[PlyCount "27"]
[EventDate "2025.03.03"]
[EventType "swiss"]
[EventCountry "POR"]
[SourceTitle "playchess.com"]
[Source "ChessBase"]
[SourceQuality "1"]
[TimeControl "5400+30"]

1. e4 e5 2. Nf3 Nc6 3. d4 exd4 4. Bc4 Nf6 5. e5 Ng4 6. Bxf7+ Kxf7 7. Ng5+ {[%emt 0:00:35] C56: Two Knights: 4 d4 exd4 5 0-0 Nxe4.} Ke8 ({Black should try} 7... Kg8 $17 8. Qxg4 h6 (8... Nxe5 9. Qxd4 Qe7 10. O-O $11)) 8. Qxg4 $15 Be7 $2 (8... d6 $1 $15 {keeps the upper hand.} 9. Qf3 (9. e6 Qf6 $17) 9... Nxe5 (9... dxe5 10. Qf7#)) 9. Nxh7 {[%emt 0:07:01] White is better. White is more active.} Nxe5 (9... Kf7 $16 10. Ng5+ Kg8) 10. Qxg7 $18 Nf7 $146 (10... Rxh7 11. Qxh7 d6 12. Qg8+ Kd7 13. Qxd8+ Bxd8 14. f4 Nc4 15. b3 Nb6 16. O-O c5 {1-0 Granda Rodriguez,J (1897)-Lemus Lazo,D (1649) San Cristobal de La Laguna rapid op 2024 (5)}) 11. O-O {[%emt 0:01:03][%cal Of1e1] [#] Threatening mate with Re1!.} c6 $2 (11... d5) 12. Re1 {[%emt 0:01:33][%csl Gg7][%cal Rh7f6] White is clearly winning.} Qa5 13. Bd2 Qc5 14. Bg5 {[%emt 0:01:14] White took control after the opening.   Weighted Error Value: White=0.03 (flawless) /Black=1.70  Loses game:     	---       	Black=1      Mistake:       	---       	Black=3      OK:         	White=2     	Black=1      Best:        	White=1     	Black=1} 1-0

[Event "Silves Open 2025"]
[Site "Fissul"]
[Date "2025.03.07"]
[Round "9.27"]
[White "De Kruif, Kees"]
[Black "Bravo Galvez, Ricardo"]
[Result "1/2-1/2"]
[Annotator "TA"]
[ECO "A00"]
[WhiteElo "1857"]
[BlackElo "2098"]
[PlyCount "40"]
[EventDate "2025.03.03"]
[EventType "swiss"]
[EventCountry "POR"]
[SourceTitle "playchess.com"]
[Source "ChessBase"]
[SourceQuality "1"]
[TimeControl "5400+30"]

1. b4 d5 2. Bb2 Qd6 3. a3 e5 4. e3 Be6 5. Nf3 f6 6. Be2 {A00: Irregular Openings.} Nh6 7. d3 (7. d4 $14) 7... Be7 8. Nbd2 O-O 9. c4 $146 (9. O-O c6 10. c4 Nd7 11. Rc1 Rad8 12. Qc2 Qb8 13. Qb1 Rfe8 14. Rc2 Nf8 15. Qa1 {0-1 Sutic,D (2028)-Hadzikasimovic,Z (2062) CRO-chT4A Center 2010 (8.25)}) 9... b6 (9... c6 $11) 10. O-O c5 11. bxc5 Qxc5 (11... bxc5 $14 12. cxd5 Bxd5) 12. d4 $18 exd4 13. Nxd4 Bf7 14. N2b3 Qc8 15. cxd5 Bxd5 16. Rc1 Qb7 17. Bf3 $2 {[#]} (17. Nb5 $18 {Strongly threatening Rc7.} Na6 18. Nc3) 17... Bxf3 $14 18. Qxf3 Qxf3 19. Nxf3 Na6 20. Nbd4 Nc5 {[%emt 0:00:00] Weighted Error Value: White=0.36/Black=0.31  Missed win:     	White=1     	---        Mistake:       	White=1     	Black=2      Inaccurate:     	White=2     	Black=2      OK:         	White=4     	Black=5} 1/2-1/2